Map: [ESL] Data-C

Players

Vindicta - Winner!

  • Race: Terran Terran
  • Spawn Location: 9:00

PtitDrogo

  • Race: Protoss Protoss
  • Spawn Location: 3:00

Event: DreamHack SC2 Masters 2022 Valencia

VOD

Have the link to the VOD?

Description

Time

  • Played on: July 1, 2022, 5:11 p.m.
  • Length: 12:14

All games in this series

Show
View Real Time Build Order
Export as new Build Order

Vindicta Terran - Winner!

Build Orders: Reaper Expand 

Get SALT Encoding   

  12  0:00  SCV  
  13  0:12  SCV  
  14  0:17  Supply Depot  
  14  0:24  SCV  
  15  0:38  SCV  
  15  0:40  Barracks  
  16  0:43  Refinery  
  16  0:50  SCV  
  17  1:03  SCV  
  18  1:15  SCV  
  19  1:28  Orbital Command, Reaper  
  20  1:52  Command Center  
  20  1:54  SCV  
  20  2:00  Marine  
  22  2:02  Bunker  
  22  2:04  Supply Depot  
  22  2:08  SCV  
  23  2:18  Factory  
  23  2:25  Marine  
  23  2:26  SCV  
  25  2:33  Refinery  
  25  2:38  SCV  
  26  2:44  Barracks Reactor  
  26  2:45  Bunker  
  26  2:50  SCV  
  27  3:01  Widow Mine  
  27  3:02  SCV  
  27  3:03  Starport  
  30  3:08  Orbital Command  
  30  3:19  SCV  
  31  3:20  Marine  
  31  3:22  Marine  
  31  3:23  Factory Tech Lab  
  33  3:31  SCV  
  33  3:34  SCV  
  34  3:38  Marine  
  34  3:42  Medivac  
  34  3:45  Cyclone  
  38  3:55  Marine  
  38  3:57  SCV  
  38  3:58  SCV  
  38  3:59  Supply Depot, Marine  
  42  4:09  SCV  
  43  4:10  SCV  
  43  4:13  Marine  
  43  4:15  Barracks  
  45  4:17  Marine  
  45  4:20  Viking  
  45  4:21  Cyclone  
  45  4:22  SCV  
  52  4:24  SCV  
  52  4:28  Supply Depot  
  52  4:31  Marine  
  54  4:44  Barracks  
  54  4:48  Supply Depot  
  54  4:50  SCV x2, Marine x2  
  54  4:51  Starport Tech Lab  
  58  4:55  Engineering Bay  
  58  5:02  SCV x2  
  58  5:03  Factory Reactor  
  60  5:08  Marine  
  60  5:09  Stimpack  
  60  5:10  Marine  
  60  5:11  Marine  
  63  5:14  SCV x2  
  64  5:23  Terran Infantry Weapons Level 1  
  64  5:24  Refinery  
  64  5:25  Marine  
  64  5:26  SCV, Supply Depot  
  64  5:27  SCV  
  64  5:28  Marine  
  67  5:30  Starport Reactor  
  67  5:33  Marine  
  68  5:38  SCV  
  68  5:39  SCV  
  69  5:43  Marine  
  69  5:48  Marauder  
  69  5:50  Marine, Combat Shield  
  69  5:51  SCV x2, Marauder  
  69  5:54  Supply Depot  
  69  5:55  Refinery  
  71  6:00  Widow Mine  
  71  6:03  SCV x2  
  74  6:05  Marine  
  74  6:10  Marauder  
  75  6:13  Marauder  
  75  6:15  SCV, Marine  
  75  6:18  SCV  
  75  6:23  Marine  
  73  6:27  SCV  
  73  6:29  Medivac  
  73  6:30  Medivac  
  73  6:31  Marauder  
  80  6:33  SCV, Marine x2  
  80  6:39  SCV  
  83  6:41  Marine  
  83  6:45  SCV  
  85  6:47  Supply Depot  
  85  6:51  SCV, Marine x2, Widow Mine  
  85  6:52  Concussive Shells  
  92  7:05  Medivac  
  94  7:09  Marine x2  
  94  7:10  Supply Depot, Marauder  
  96  7:16  Widow Mine  
  96  7:17  Widow Mine  
  96  7:18  SCV  
  96  7:21  Supply Depot  
  100  7:23  Terran Infantry Armor Level 1  
  100  7:26  Marine  
  100  7:29  Marine  
  102  7:33  Missile Turret  
  101  7:37  Command Center  
  101  7:39  Marine  
  101  7:43  Marauder  
  104  7:48  SCV, Supply Depot  
  104  7:49  Marine  
  103  7:53  Command Center  
  103  7:57  SCV  
  103  7:58  Marauder  
  99  8:00  Marine  
  100  8:05  Medivac  
  100  8:07  Medivac  
  100  8:11  Marine  
  94  8:13  Marine  
  94  8:15  SCV  
  94  8:18  SCV, Marine  
  94  8:19  Marauder  
  85  8:27  SCV  
  85  8:30  SCV, Marine  
  86  8:34  Widow Mine  
  86  8:36  Barracks, Marine  
  86  8:38  Barracks  
  86  8:41  Liberator  
  93  8:42  Marine  
  93  8:45  Marine  
  93  8:48  Marine  
  95  8:50  Missile Turret  
  95  8:54  Marine  
  96  8:56  Medivac  
  96  9:00  Marauder  
  98  9:03  Marine  
  98  9:04  SCV  
  98  9:05  Marine  
  98  9:06  Orbital Command  
  101  9:12  Marine  
  98  9:17  Missile Turret  
  98  9:21  SCV x2, Marine, Marauder  
  98  9:23  Marine  
  101  9:28  Barracks Tech Lab, Barracks Reactor  
  101  9:30  Orbital Command, Marine  
  102  9:33  Widow Mine x2  
  106  9:38  SCV x2  
  106  9:39  Medivac, Marauder  
  106  9:41  Marine  
  113  9:48  Marauder  
  113  9:50  SCV x2, Marine  
  119  9:56  Ghost Academy  
  119  9:58  Widow Mine  
  119  10:00  SCV  
  119  10:02  SCV  
  119  10:03  SCV  
  119  10:04  Marine  
  119  10:06  Marine  
  126  10:07  Marine  
  126  10:09  Refinery  
  126  10:11  Marine  
  126  10:13  Liberator  
  128  10:14  Liberator  
  128  10:17  Refinery  
  128  10:18  Marine  
  128  10:19  Marauder  
  134  10:21  Marine  
  134  10:22  Supply Depot  
  134  10:26  Widow Mine x2  
  136  10:28  Marine  
  137  10:35  Enhanced Shockwaves  
  137  10:36  Marauder  
  137  10:39  Ghost  
  137  10:40  Marine  
  137  10:42  Ghost, Supply Depot  
  140  10:48  SCV  
  140  10:54  Marine  
  140  10:55  Marine  
  137  10:57  Ghost  
  131  11:05  Widow Mine  
  131  11:06  Marine x2  
  131  11:07  Ghost  
  133  11:12  Marine, Marauder  
  133  11:14  Marine  
  133  11:15  Armory  
  133  11:16  Engineering Bay, Supply Depot  
  133  11:17  Supply Depot  
  136  11:24  Supply Depot, Marine x2  
  137  11:26  Marauder  
  137  11:30  Marine  
  133  11:34  Barracks, Marine  
  133  11:35  Barracks  
  133  11:36  Marine  
  133  11:37  Barracks  
  136  11:40  SCV  
  136  11:42  Marine x2  
  136  11:46  SCV  
  141  11:47  SCV  
  141  11:48  Marauder  
  141  11:49  Widow Mine x2  
  146  11:54  Marine  
Show
View Real Time Build Order
Export as new Build Order

PtitDrogo Protoss 

Build Orders: 1 Gate Expand, Oracle Opening 

Get SALT Encoding   

  12  0:00  Probe  
  13  0:12  Probe  
  14  0:17  Pylon  
  14  0:24  Probe (Chrono Boost)  
  16  0:36  Probe (Chrono Boost)  
  16  0:37  Gateway  
  16  0:42  Probe (Chrono Boost)  
  16  0:45  Assimilator  
  17  0:51  Probe  
  18  1:03  Probe  
  19  1:15  Probe  
  20  1:23  Cybernetics Core  
  20  1:33  Nexus  
  20  1:42  Pylon  
  20  1:45  Probe  
  21  1:53  Assimilator  
  21  1:57  Adept (Chrono Boost), Probe  
  24  2:09  Probe  
  25  2:19  Stargate  
  25  2:20  Adept (Chrono Boost)  
  25  2:21  Probe  
  29  2:37  Probe  
  29  2:43  Stalker  
  31  2:45  Shield Battery  
  31  2:49  Probe  
  32  2:53  Probe  
  33  2:59  Oracle (Chrono Boost)  
  33  3:01  Probe  
  33  3:05  Probe  
  38  3:13  Probe  
  38  3:17  Probe  
  40  3:25  Probe  
  41  3:29  Probe  
  45  3:37  Probe  
  46  3:47  Probe  
  44  3:49  Probe  
  44  3:50  Twilight Council  
  45  3:59  Probe  
  45  4:00  Pylon  
  46  4:05  Gateway  
  46  4:07  Gateway  
  46  4:14  Pylon  
  46  4:18  Probe x2, Blink (Chrono Boost)  
  46  4:22  Nexus  
  48  4:30  Probe  
  49  4:33  Probe  
  50  4:41  Oracle  
  50  4:42  Probe  
  50  4:43  Shield Battery  
  50  4:45  Probe  
  52  4:47  Warp Gate  
  52  4:48  Stalker  
  54  4:53  Stalker  
  54  4:57  Stalker  
  54  4:59  Probe  
  59  5:00  Shield Battery  
  59  5:02  Probe  
  60  5:08  Pylon  
  60  5:09  Assimilator x2  
  60  5:21  Shield Battery  
  60  5:25  Stalker x2  
  60  5:27  Stalker  
  60  5:28  Probe x2  
  66  5:30  Forge  
  66  5:34  Pylon  
  66  5:35  Pylon  
  64  5:52  Probe  
  65  6:02  Nexus  
  63  6:18  Protoss Ground Weapons Level 1 (Chrono Boost)  
  59  6:22  Stalker x3  
  59  6:23  Probe  
  64  6:27  Gateway  
  64  6:30  Gateway  
  64  6:33  Gateway  
  64  6:38  Probe  
  64  6:39  Probe  
  66  6:41  Gateway  
  66  6:42  Photon Cannon  
  66  6:45  Gateway  
  63  6:48  Pylon  
  63  6:50  Probe  
  63  6:51  Probe  
  65  6:56  Pylon  
  65  6:59  Dark Shrine  
  65  7:00  Stalker x3  
  71  7:03  Probe  
  71  7:08  Shield Battery  
  72  7:10  Charge (Chrono Boost)  
  69  7:29  Sentry x2  
  69  7:30  Stalker x4  
  69  7:34  Pylon  
  69  7:36  Pylon  
  77  7:44  Sentry x2  
  79  7:55  Stalker  
  79  7:56  Stalker x4  
  75  8:05  Stalker  
  74  8:10  Stalker x2  
  67  8:20  Protoss Ground Weapons Level 2 (Chrono Boost)  
  67  8:25  Pylon  
  67  8:32  Zealot x4  
  71  8:35  Pylon  
  71  8:47  Sentry x2  
  75  8:49  Nexus  
  71  9:09  Sentry x2  
  75  9:10  Shield Battery  
  75  9:12  Sentry  
  75  9:13  Shield Battery, Zealot x4  
  77  9:23  Probe  
  74  9:29  Zealot  
  76  9:40  Probe, Zealot x4  
  76  9:44  Probe  
  86  9:54  Photon Cannon  
  84  10:03  Stalker x3  
  89  10:09  Phoenix  
  91  10:14  Probe  
  91  10:15  Probe  
  89  10:32  Stalker  
  89  10:33  Stalker, Zealot x3  
  98  10:44  Zealot x3  
  98  10:53  Zealot  
  98  10:54  Zealot x2  
  98  11:01  Zealot x2  
  94  11:13  Probe  
  94  11:18  Stalker, Pylon  
  97  11:35  Assimilator  
  97  11:36  Stalker x2  
  97  11:37  Pylon, Assimilator  
  101  11:40  Robotics Facility  
  101  11:47  Stalker x3  
  107  11:57  Stalker  
  107  12:01  Zealot x2  
  81  12:10  Zealot x3  

Tags
 
Add a new tag
Caveats
  • Supply blocks, unpowered buildings, or Contaminate may cause inaccurate times.
  • Supply counts are checked every 10 seconds.